 Dungeon Crawl Stone Soup version 0.19.0-11-g3fc08b3 (webtiles) character file.

56 sodnine the Skirmisher (level 3, 0/34 HPs)
             Began as a Minotaur Berserker on Nov 8, 2016.
             Was a Believer of Trog.
             Slain by an adder (2 damage)
             ... on level 5 of the Dungeon on Nov 9, 2016.
             The game lasted 00:07:39 (1393 turns).

sodnine the Skirmisher (Minotaur Berserker)         Turns: 1393, Time: 00:07:40

Health: 0/34       AC:  9    Str: 22    XL:     3   Next: 71%
Magic:  2/2        EV: 11    Int:  4    God:    Trog [**....]
Gold:   30         SH:  0    Dex:  9    Spells: 0 memorised, 2 levels left

rFire  . . .     SeeInvis .     m - -3 short sword (curse)
rCold  . . .     Gourm    .     q - +0 ring mail (curse)
rNeg   . . .     Faith    .     (no shield)
rPois  .         Spirit   .     (helmet restricted)
rElec  .         Reflect  .     (no cloak)
rCorr  .         Harm     .     l - +0 pair of gloves
MR     .....                    n - +2 pair of boots
Stlth  ..........               (no amulet)
                                (no ring)
                                (no ring)

@: lethally poisoned (0 -> -2), fainting
A: retaliatory headbutt, horns 2
a: Berserk, Trog's Hand, Burn Spellbooks, Renounce Religion


You were on level 5 of the Dungeon.
You worshipped Trog.
Trog was pleased with you.
You were fainting.

You visited 1 branch of the dungeon, and saw 5 of its levels.

You collected 30 gold pieces.

Inventory:

Hand Weapons
 a - a +0 mace
 m - a cursed -3 short sword (weapon)
Armour
 b - a +0 animal skin
 l - a +0 pair of gloves (worn)
 n - a +2 pair of boots (worn)
 q - a cursed +0 ring mail (worn)
Jewellery
 i - an uncursed ring of flight {unknown}
Scrolls
 d - a scroll of teleportation {unknown}
 e - a scroll of random uselessness {unknown}
 f - 3 scrolls of remove curse {unknown}
 g - 2 scrolls of amnesia {unknown}
 h - a scroll of recharging {unknown}
 j - 2 scrolls of fog {unknown}
 k - a scroll of magic mapping {unknown}
 p - a scroll of identify {unknown}
Potions
 o - a potion of curing {unknown}
Comestibles
 c - 3 bread rations
 r - a meat ration


   Skills:
 + Level 4.4 Fighting
 + Level 0.2 Short Blades
 + Level 4.4 Maces & Flails
 + Level 2.7 Armour
 + Level 2.5 Dodging
 + Level 0.1 Stealth


You had 2 spell levels left.
You didn't know any spells.

Dungeon Overview and Level Annotations

Branches:
Dungeon (5/15)
 Temple: D:4-7

Altars:


Innate Abilities, Weirdness & Mutations

You reflexively headbutt those who attack you in melee.
You have a pair of horns on your head.


Message History

You stop eating.
* * * LOW HITPOINT WARNING * * *
You are lethally poisoned!
The adder poisons you!
Unknown command.
Unknown command.
Unknown command.
Unknown command.
Unknown command.
Unknown command.
Unknown command.
You closely miss the adder.
The adder is severely wounded.
As you are about to starve, you manage to eat something.
You start eating one of the 3 bread rations.
Keep eating?
You stop eating.
* * * LOW HITPOINT WARNING * * *
You feel sick. The adder bites you.
You die...

### .. .... ....
#######....
.g...#@SW.......
.....#Sgo.......
..?...a...≈.....
...........≈....
.........≈≈.....
......<$.≈P≈..#.
#######....≈.....
#....##..........
#....##....###...


You could see a hungry ghost, a worker ant, a gnoll, 2 adders and an orc.

Vanquished Creatures
  An adder (D:2)
  2 worms (D:2)
  3 dart slugs
  A leopard gecko (D:1)
  A giant cockroach (D:2)
  2 goblins (D:1)
  4 hobgoblins
  2 jackals (D:2)
  A quokka (D:4)
  9 bats
  3 frilled lizards
  4 kobolds
  5 rats
38 creatures vanquished.

Vanquished Creatures (others)
  A jackal skeleton (D:4)
1 creature vanquished.

Grand Total: 39 creatures vanquished

Notes
Turn   | Place    | Note
-------+----------+-------------------------------------------
     0 | D:1      | sodnine the Minotaur Berserker began the quest for the Orb.
     0 | D:1      | Reached XP level 1. HP: 19/19 MP: 0/0
   262 | D:1      | Reached XP level 2. HP: 14/27 MP: 1/1
   641 | D:2      | Reached XP level 3. HP: 26/34 MP: 2/2
   869 | D:2      | Reached ** piety under Trog
  1241 | D:4      | Noticed a hungry ghost
  1374 | D:5      | Entered Level 5 of the Dungeon
  1393 | D:5      | Slain by an adder

Skill      XL: |  1  2 |
---------------+-------+-----
Maces & Flails | 4 |  4.4
Fighting       | 4 |  4.4
Short Blades   | |  0.2
Armour         | |  2.7
Dodging        | |  2.5
Stealth        | |  0.1

Action                   || total
-------------------------++-------
Melee: Mace              ||    30
       Headbutt          ||    19
       Short sword       ||    39
Armor: Animal skin       ||    18
       Ring mail         ||    47
Dodge: Dodged            ||   109
